[Event "Titled Tuesday Blitz May 25 2021"]
[White "Seletsky, Grigory"]
[Black "Kovalev, Vladislav"]
[WhiteFideId "14112191"]
[BlackFideId "13504398"]
[WhiteElo "2492"]
[BlackElo "2573"]
[Result "0-1"]
[Round "01"]
[TimeControl "180+1"]
[Date "2021.05.25"]
[WhiteClock "0:00:43"]
[BlackClock "0:01:17"]

1. e4 e5 2. Nf3 Nc6 3. Bc4 Nf6 4. Ng5 d5 5. exd5 Na5 6. Bb5+ c6 7. dxc6 bxc6 8. Bd3 Nd5 9. Nf3 Bd6 10. O-O O-O 11. Re1 f5 12. Nxe5 Qf6 13. Nc4 Nxc4 14. Bxc4 Qh4 15. Bxd5+ cxd5 16. g3 Qh3 17. f4 d4 18. Qf3 Rb8 19. d3 Bb7 20. Qf2 Rbe8 21. Bd2 Rxe1+ 22. Bxe1 g5 23. Bd2 gxf4 24. Bxf4 Bxf4 25. gxf4 Kf7 0-1


[Site "https://www.chess.com"]

[Event "Titled Tuesday Blitz May 25 2021"]
[White "Shkapenko, Pavel"]
[Black "Region_07"]
[WhiteFideId "4151933"]
[WhiteElo "2386"]
[BlackElo "2383"]
[Result "1-0"]
[Round "01"]
[TimeControl "180+1"]
[Date "2021.05.25"]
[WhiteClock "0:00:39"]
[BlackClock "0:00:41"]

1. e4 c6 2. d4 d5 3. e5 Bf5 4. h4 h5 5. Bd3 Bxd3 6. Qxd3 e6 7. Bg5 Qa5+ 8. Nd2 Qa6 9. c4 Bb4 10. b3 Ne7 11. Ne2 Nd7 12. O-O Nf5 13. Ng3 Bxd2 14. Nxf5 exf5 15. Bxd2 g6 16. Bg5 O-O 17. Rfe1 Rfe8 18. Qd2 Re6 19. cxd5 cxd5 20. Rac1 Rc6 21. Be7 Rac8 22. e6 Rxc1 23. exd7 1-0


[Site "https://www.chess.com"]

[Event "Titled Tuesday Blitz May 25 2021"]
[White "Sjugirov, Sanan"]
[Black "Jary, Sergey"]
[WhiteFideId "4189302"]
[BlackFideId "14110350"]
[WhiteElo "2472"]
[BlackElo "2260"]
[Result "1-0"]
[Round "01"]
[TimeControl "180+1"]
[Date "2021.05.25"]
[WhiteClock "0:00:05"]
[BlackClock "0:00:33"]

1. d4 Nf6 2. Nf3 g6 3. Bg5 Bg7 4. Nbd2 d5 5. e3 O-O 6. Bd3 c5 7. c3 Nc6 8. Qe2 Qb6 9. Rb1 a5 10. a4 Bg4 11. h3 Bxf3 12. Nxf3 Nd7 13. Bb5 e5 14. dxe5 Ndxe5 15. Nxe5 Nxe5 16. O-O Bf6 17. Bf4 Rfd8 18. Rbd1 Nc6 19. Qf3 Ne7 20. Rd2 d4 21. exd4 cxd4 22. cxd4 Bxd4 23. Rfd1 Nf5 24. Bg5 Bf6 25. Rxd8+ Rxd8 26. Rxd8+ Qxd8 27. Bxf6 Qxf6 28. g4 Qg5 29. Qxb7 Qc1+ 30. Bf1 Nh4 31. Qb8+ Kg7 32. Qe5+ Kh6 33. Qe3+ Qxe3 34. fxe3 Nf3+ 35. Kf2 Nd2 36. Bd3 Nb3 37. h4 Kg7 38. Ke2 Kf6 39. Bc2 Nc5 40. Kd2 Ke5 41. Kc3 h5 42. gxh5 gxh5 43. Kc4 Na6 44. Kb5 Nb4 45. Bd1 Nd5 46. Bxh5 f5 47. Kxa5 Nxe3 48. Kb5 Kd6 49. a5 Kc7 50. a6 Kb8 51. Kb6 Nc4+ 52. Kc5 Nxb2 53. Be2 Na4+ 54. Kd6 Nc3 55. Bf3 Ne4+ 56. Ke5 Nd2 57. Kf4 Nc4 58. h5 Nd6 59. h6 Ka7 60. h7 Nf7 61. Bh5 Nh8 62. Kxf5 Kxa6 63. Kf6 1-0


[Site "https://www.chess.com"]

[Event "Titled Tuesday Blitz May 25 2021"]
[White "Sorokin, Aleksey"]
[Black "Devaev, Alexander"]
[WhiteFideId "24176460"]
[BlackFideId "4169395"]
[WhiteElo "2476"]
[BlackElo "2185"]
[Result "1-0"]
[Round "01"]
[TimeControl "180+1"]
[Date "2021.05.25"]
[WhiteClock "0:00:56"]
[BlackClock "0:00:08"]

1. d4 Nf6 2. c4 e6 3. Nf3 d5 4. g3 b6 5. Bg2 Bb7 6. O-O Be7 7. Ne5 O-O 8. Nc3 Nbd7 9. cxd5 exd5 10. Qa4 Nxe5 11. dxe5 Ne8 12. Rd1 c6 13. e4 b5 14. Qd4 b4 15. Nxd5 cxd5 16. exd5 Bg5 17. Bxg5 Qxg5 18. Qxb4 Rb8 19. d6 Nxd6 20. Qxd6 Bxg2 21. Kxg2 Rxb2 22. Qd4 Rb7 23. Rab1 Qe7 24. Rxb7 Qxb7+ 25. Qd5 Qb6 26. Rd3 h6 27. Rb3 Qa6 28. Rb7 Qa3 29. Rd7 a5 30. h4 Qb4 31. Rb7 Qc3 32. Rb3 Qc7 33. Rf3 Re8 34. Rf5 Re6 35. h5 a4 36. Qa8+ Kh7 37. Qe4 Kg8 38. Qxa4 Qb7+ 39. Kh2 Qb1 40. Qa8+ Kh7 41. Rxf7 Qxa2 42. Qxa2 1-0


[Site "https://www.chess.com"]

[Event "Titled Tuesday Blitz May 25 2021"]
[White "Srihari L R"]
[Black "Fisabilillah, Ummi"]
[WhiteFideId "46617116"]
[BlackFideId "7104804"]
[WhiteElo "2121"]
[BlackElo "2091"]
[Result "1-0"]
[Round "01"]
[TimeControl "180+1"]
[Date "2021.05.25"]
[WhiteClock "0:00:34"]
[BlackClock "0:00:19"]

1. c4 Nf6 2. Nc3 e5 3. g3 Bb4 4. Bg2 O-O 5. Nf3 Bxc3 6. bxc3 d6 7. O-O Nc6 8. d3 Rb8 9. Rb1 Bf5 10. e4 Bd7 11. h3 Qc8 12. Kh2 h6 13. Be3 Re8 14. Re1 Ne7 15. c5 Ng6 16. cxd6 cxd6 17. c4 a6 18. Rb6 Bc6 19. Qd2 Nd7 20. Rbb1 Nc5 21. h4 Nf8 22. h5 Qg4 23. Nh4 Bd7 24. Qd1 Qxd1 25. Rexd1 Bg4 26. Bf3 Bxf3 27. Nxf3 Nfe6 28. Rb6 Red8 29. Kg2 Na4 30. Rb3 Nac5 31. Rb4 b5 32. cxb5 axb5 33. d4 exd4 34. Nxd4 Ra8 35. Nxb5 Rxa2 36. Rxd6 Rb8 37. Rd5 Nxe4 38. Rxe4 Ra5 39. Nc3 Ra3 40. Ne2 Rb2 41. Bc1 1-0


[Site "https://www.chess.com"]

[Event "Titled Tuesday Blitz May 25 2021"]
[White "Srisshhhtea"]
[Black "Acor, Corey"]
[BlackFideId "2024861"]
[WhiteElo "2421"]
[BlackElo "2808"]
[Result "1/2-1/2"]
[Round "01"]
[TimeControl "180+1"]
[Date "2021.05.25"]
[WhiteClock "0:00:52"]
[BlackClock "0:00:05"]

1. d4 Nf6 2. c4 e5 3. e3 exd4 4. exd4 d5 5. Nf3 Bb4+ 6. Nc3 O-O 7. Be2 dxc4 8. O-O Be6 9. Ne5 c5 10. dxc5 Bxc5 11. Bxc4 Bxc4 12. Nxc4 Nc6 13. Be3 Bb4 14. Rc1 Re8 15. Nb5 Qe7 16. a3 Rad8 17. Qa4 Bc5 18. Rfe1 Bxe3 19. Nxe3 a6 20. Nc3 Nd4 21. Rcd1 Qc5 22. h3 b5 23. Qb4 Qxb4 24. axb4 Nc6 25. Ned5 Rxe1+ 26. Rxe1 Nxd5 27. Nxd5 Kf8 28. Nc7 Nxb4 29. Re4 Rc8 30. Nxb5 Nd3 31. Nd6 Rb8 32. Ra4 Rxb2 33. Rxa6 Rb1+ 34. Kh2 Nxf2 35. Ra7 f6 36. Nf5 g6 37. Nd6 Rb6 38. Rf7+ Kg8 39. Rxf6 Nd3 40. Ne4 Rxf6 41. Nxf6+ Kg7 42. Ne4 Nf4 43. Kg3 Ne6 44. Nf2 h6 45. Kf3 Nd4+ 46. Ke4 Nf5 47. g4 Nd6+ 48. Kf4 Nf7 49. h4 g5+ 50. hxg5 hxg5+ 51. Kf5 Nh6+ 52. Kxg5 Nxg4 1/2-1/2


[Site "https://www.chess.com"]

[Event "Titled Tuesday Blitz May 25 2021"]
[White "Starozhilov, Leonid"]
[Black "Shtyka, Sergey"]
[WhiteFideId "14106752"]
[BlackFideId "4138465"]
[WhiteElo "2411"]
[BlackElo "2102"]
[Result "1-0"]
[Round "01"]
[TimeControl "180+1"]
[Date "2021.05.25"]
[WhiteClock "0:00:17"]
[BlackClock "0:00:06"]

1. e4 c5 2. Nf3 Nc6 3. Bb5 g6 4. O-O Bg7 5. Re1 e5 6. Bxc6 dxc6 7. d3 Ne7 8. a4 O-O 9. a5 h6 10. Nbd2 Be6 11. b3 Kh7 12. Bb2 Qc7 13. Nc4 f6 14. h3 b5 15. Ncd2 Rab8 16. Qe2 Nc8 17. Ba3 b4 18. Bc1 Nd6 19. Nc4 Nb5 20. Rf1 Bxc4 21. bxc4 Nd4 22. Nxd4 cxd4 23. Bd2 c5 24. Rfb1 Rbe8 25. f3 Re6 26. Rb2 f5 27. Kh1 f4 28. Kg1 g5 29. Kf2 Kg6 30. Qf1 h5 31. Ke2 Rh8 32. a6 Kf7 33. Rba2 Rhh6 34. Kd1 Qc8 35. h4 g4 36. g3 Rhf6 37. Qg2 Rxa6 38. Rxa6 Rxa6 39. Rxa6 Qxa6 40. gxf4 exf4 41. fxg4 Qg6 42. g5 Be5 43. Kc1 Qe6 44. Kb2 Qg4 45. Qf1 Qxh4 46. Qa1 Qxg5 47. Qxa7+ Qe7 48. Qa8 f3 49. Qd5+ Kg7 50. Be1 Kg6 51. Qc6+ Kg5 52. Qc8 Qf6 53. Qh3 Kg6 54. Bh4 Qa6 55. Qf5+ Kh6 56. Bg5+ Kg7 57. Qxe5+ Kg6 58. Qf5+ 1-0


[Site "https://www.chess.com"]

[Event "Titled Tuesday Blitz May 25 2021"]
[White "Sztokbant, Bernardo Vainzoff"]
[Black "Quparadze, Giga"]
[WhiteFideId "2115956"]
[BlackFideId "13602250"]
[WhiteElo "2264"]
[BlackElo "2658"]
[Result "1/2-1/2"]
[Round "01"]
[TimeControl "180+1"]
[Date "2021.05.25"]
[WhiteClock "0:00:19"]
[BlackClock "0:00:24"]

1. d4 Nf6 2. c4 e6 3. Nf3 b6 4. g3 Ba6 5. Qc2 Bb4+ 6. Bd2 c5 7. Bg2 Nc6 8. dxc5 bxc5 9. O-O O-O 10. a3 Bxd2 11. Nbxd2 Rb8 12. Rab1 Qb6 13. Rfd1 d5 14. cxd5 exd5 15. e3 Rfd8 16. b3 Be2 17. Rdc1 d4 18. Qxc5 Qxc5 19. Rxc5 dxe3 20. fxe3 Ne7 21. Nd4 Bd3 22. Rbc1 h6 23. b4 Ng4 24. R1c3 Bg6 25. Rc7 Nd5 26. Bxd5 Rxd5 27. Rxa7 Re8 28. Nf1 Be4 29. h3 Nxe3 30. Rxe3 Rxd4 31. g4 Rc8 32. Ng3 Bg6 33. Rae7 Rc1+ 34. Re1 Rc2 35. R7e2 Rc3 36. Re3 Rdd3 37. Rxd3 Rxd3 38. Kg2 Rxa3 39. Re8+ Kh7 40. Rb8 Rb3 41. b5 Rb2+ 42. Kf3 Rb3+ 43. Kf2 Bd3 44. b6 Kg6 45. h4 Bc4 46. Ne4 Bd5 47. Nc5 Rb5 48. Nd7 Be6 49. Nf8+ Kf6 50. Nxe6 Kxe6 51. b7 Kf6 52. Kf3 Rb4 53. Kg3 Kg6 54. Kf3 Kf6 55. Kg3 g5 56. hxg5+ hxg5 57. Kf3 Rb3+ 58. Ke4 Rb1 1/2-1/2


[Site "https://www.chess.com"]

[Event "Titled Tuesday Blitz May 25 2021"]
[White "Tari, Aryan"]
[Black "Yirik, Volkan"]
[WhiteFideId "1510045"]
[BlackFideId "6300782"]
[WhiteElo "2656"]
[BlackElo "2458"]
[Result "1-0"]
[Round "01"]
[TimeControl "180+1"]
[Date "2021.05.25"]
[WhiteClock "0:00:31"]
[BlackClock "0:00:42"]

1. Nf3 Nf6 2. c4 g6 3. Nc3 Bg7 4. e4 O-O 5. d4 d6 6. Be2 e5 7. d5 a5 8. Bg5 Na6 9. Nd2 Nc5 10. h4 h6 11. Be3 b6 12. g4 a4 13. g5 hxg5 14. hxg5 Nh7 15. Qc2 Nxg5 16. O-O-O f5 17. Rdg1 f4 18. Bxc5 bxc5 19. Bg4 a3 20. b3 f3 21. Bxc8 Rxc8 22. Rg4 Rf4 23. Rhg1 Rxg4 24. Rxg4 Bh6 25. Qd1 Qf6 26. Kb1 Kg7 27. Nf1 Rf8 28. Ng3 Kh7 29. Qh1 Nf7 30. Nb5 Qe7 31. Nxa3 Ng5 32. Nb5 Rf7 33. a4 Qf6 34. a5 Kg7 35. Rh4 Nxe4 36. Nxe4 Qf5 37. a6 Bg5 38. Rh7+ Kg8 39. Rh8+ Kg7 40. Qh7# 1-0


[Site "https://www.chess.com"]

[Event "Titled Tuesday Blitz May 25 2021"]
[White "Terry, Renato"]
[Black "Saravana, Krishnan P."]
[WhiteFideId "3803457"]
[BlackFideId "5018382"]
[WhiteElo "2581"]
[BlackElo "2245"]
[Result "1-0"]
[Round "01"]
[TimeControl "180+1"]
[Date "2021.05.25"]
[WhiteClock "0:00:05"]
[BlackClock "0:00:13"]

1. e4 e6 2. d4 d5 3. exd5 exd5 4. Nf3 c5 5. Bb5+ Nc6 6. O-O Bd6 7. dxc5 Bxc5 8. Nc3 Ne7 9. Bg5 f6 10. Bf4 a6 11. Bd3 Bg4 12. h3 Bh5 13. a3 O-O 14. g4 Bf7 15. Qd2 Ng6 16. Bg3 Nge5 17. Be2 Nc4 18. Qc1 Re8 19. Rd1 d4 20. Bd3 dxc3 21. Bxc4 Qxd1+ 22. Qxd1 Bxc4 23. b3 Rad8 24. Qxd8 Rxd8 25. bxc4 Rd7 26. Ne1 Nd4 27. Kf1 g5 28. a4 Kf7 29. Rd1 Re7 30. Rd3 Nc6 31. Nf3 Bb4 32. c5 Bxc5 33. Rxc3 Bb4 34. Rd3 Kg6 35. h4 h5 36. gxh5+ Kxh5 37. hxg5 fxg5 38. Rd5 Kg4 39. Kg2 Rg7 40. c4 Bc3 41. Rd3 Bf6 42. Rd5 Kh5 43. Nd2 Re7 44. Kf1 Bc3 45. Nf3 Bf6 46. Bf4 Rg7 47. Be3 Kg4 48. Kg2 Kh5 49. Nh2 Ne7 50. Rd3 Nf5 51. Nf1 g4 52. Rd5 Kg6 53. Bf4 Nh4+ 54. Kh1 Nf5 55. Ne3 Rh7+ 56. Kg2 Nh4+ 57. Kf1 Nf3 58. Nxg4 Rh1+ 59. Kg2 Rg1+ 60. Kxf3 Rxg4 61. Kxg4 1-0


[Site "https://www.chess.com"]

[Event "Titled Tuesday Blitz May 25 2021"]
[White "Timmermans, Mark"]
[Black "Miszler, Levente"]
[WhiteFideId "1026399"]
[BlackFideId "763276"]
[WhiteElo "2460"]
[BlackElo "1967"]
[Result "1-0"]
[Round "01"]
[TimeControl "180+1"]
[Date "2021.05.25"]
[WhiteClock "0:00:58"]
[BlackClock "0:00:40"]

1. b4 Nf6 2. Bb2 e6 3. b5 d5 4. a4 a6 5. e3 axb5 6. axb5 Rxa1 7. Bxa1 Be7 8. c4 O-O 9. Nf3 c6 10. Be2 Ne4 11. O-O Bf6 12. d4 Nd7 13. Nbd2 Nxd2 14. Qxd2 c5 15. cxd5 exd5 16. dxc5 Bxa1 17. Rxa1 Nxc5 18. Rd1 Be6 19. Nd4 Ne4 20. Qc2 Qf6 21. Bd3 Rc8 22. Qb2 g6 23. Bxe4 dxe4 24. Rc1 Rxc1+ 25. Qxc1 Qe5 26. h3 Qd5 27. Qc7 h5 28. Kh2 Bd7 29. Qd8+ Kg7 30. b6 Qe5+ 31. Kg1 Be6 32. Qc7 Qd5 33. Nxe6+ Qxe6 34. Qxb7 Qe5 35. Qc7 Qa1+ 36. Kh2 Qe1 37. b7 1-0


[Site "https://www.chess.com"]

[Event "Titled Tuesday Blitz May 25 2021"]
[White "Triapishko, Alexandr"]
[Black "Golubev, Mikhail"]
[WhiteFideId "14122286"]
[BlackFideId "14100983"]
[WhiteElo "2490"]
[BlackElo "2374"]
[Result "0-1"]
[Round "01"]
[TimeControl "180+1"]
[Date "2021.05.25"]
[WhiteClock "0:00:04"]
[BlackClock "0:00:14"]

1. Nf3 d6 2. e4 c5 3. d4 cxd4 4. Nxd4 Nf6 5. Nc3 g6 6. Nf3 Nc6 7. e5 Nxe5 8. Nxe5 dxe5 9. Qxd8+ Kxd8 10. Bg5 Be6 11. O-O-O Kc7 12. f4 h6 13. Nb5+ Kc6 14. Bh4 a6 15. fxe5 axb5 16. exf6 Rxa2 17. fxe7 Ra1+ 18. Kd2 Rxd1+ 19. Kxd1 Bg7 20. Bd3 g5 21. Be4+ Kd7 22. Bf2 Kxe7 23. c3 Rd8+ 24. Kc2 Bd5 25. Bc5+ Ke6 26. Bd3 Bxg2 27. Re1+ Kd5 28. Bb6 Rd6 29. Bf2 Re6 30. Ra1 Be4 31. Ra5 Bxd3+ 32. Kxd3 Kc6 33. Ra8 f5 34. Rg8 Be5 35. Rc8+ Kd7 36. Rf8 Bxh2 37. Rxf5 Be5 38. Rf7+ Kc6 39. Rf8 Rf6 40. Rc8+ Kd7 41. Rc5 Bd6 42. Rxb5 Rxf2 43. Rxb7+ Bc7 44. b4 g4 45. b5 Kc8 46. Ra7 g3 47. Ra8+ Kb7 48. Rg8 g2 49. c4 Bh2 50. Rg7+ Kb6 51. Rg6+ Kc5 52. Rc6+ Kb4 53. Rg6 g1=Q 54. Rxg1 Bxg1 55. b6 Rf7 56. c5 Bxc5 0-1


[Site "https://www.chess.com"]

[Event "Titled Tuesday Blitz May 25 2021"]
[White "Tronenkovs, Valdis"]
[Black "Jones, Gawain C B"]
[WhiteFideId "11601558"]
[BlackFideId "409561"]
[WhiteElo "2232"]
[BlackElo "2657"]
[Result "0-1"]
[Round "01"]
[TimeControl "180+1"]
[Date "2021.05.25"]
[WhiteClock "0:00:02"]
[BlackClock "0:00:50"]

1. e4 e5 2. Bc4 Nf6 3. d3 c6 4. Nf3 d5 5. Bb3 Bd6 6. exd5 cxd5 7. Bg5 O-O 8. Nc3 d4 9. Ne4 Be7 10. Nxf6+ Bxf6 11. Bxf6 Qxf6 12. Nd2 Qg6 13. Qf3 Nc6 14. Qg3 Re8 15. Qxg6 hxg6 16. O-O Be6 17. Rfe1 Bxb3 18. Nxb3 Nb4 19. Re2 Rac8 20. Rc1 f6 21. a3 Nd5 22. g3 g5 23. Rce1 Kf7 24. Kg2 b6 25. h3 Rc6 26. Nxd4 Rc5 27. Nf5 Rc6 28. d4 g6 29. Nh6+ Kg7 30. Ng4 e4 31. c3 f5 32. Ne5 Rd6 33. f3 e3 34. c4 Nf6 35. Rxe3 Rxd4 36. Nc6 Rd2+ 0-1


[Site "https://www.chess.com"]

[Event "Titled Tuesday Blitz May 25 2021"]
[White "Tymrakiewicz, Rafal"]
[Black "Ghimpu, Samuel-Timotei"]
[WhiteFideId "1108832"]
[BlackFideId "1238175"]
[WhiteElo "2172"]
[BlackElo "2026"]
[Result "0-1"]
[Round "01"]
[TimeControl "180+1"]
[Date "2021.05.25"]
[WhiteClock "0:00:05"]
[BlackClock "0:00:08"]

1. e4 g6 2. d4 Bg7 3. Be3 d6 4. Nc3 a6 5. a4 b6 6. Qd2 Bb7 7. Bc4 Nf6 8. d5 c6 9. Nge2 Nbd7 10. O-O Rc8 11. dxc6 Rxc6 12. Ba2 O-O 13. Rfd1 Ne5 14. Nd4 Rc8 15. Qe2 Rxc3 16. bxc3 Nxe4 17. Bd2 Qc8 18. Rab1 Qc7 19. Be1 Nd7 20. Qc4 Qb8 21. f3 Nec5 22. Bf2 e6 23. Bb3 Rc8 24. Qe2 Nf6 25. Bg3 Nd5 26. Bxd5 Bxd5 27. c4 Ba8 28. c3 e5 29. Nc2 Nxa4 30. Rb3 Qc7 31. Ne3 Nc5 32. Ra3 a5 33. Bf2 Ne6 34. Nd5 Bxd5 35. cxd5 Nc5 36. Qb5 e4 37. Bd4 exf3 38. Bxg7 Kxg7 39. gxf3 Qe7 40. Qf1 Re8 41. Ra2 Qf6 42. Re2 Rc8 43. Red2 a4 44. Rd4 Ra8 45. Qf2 a3 46. Rb4 a2 47. Ra1 Qxc3 48. Qd4+ Qxd4+ 49. Rxd4 Nb3 50. Rdd1 Nxa1 51. Rxa1 b5 52. Kf2 b4 53. Ke3 b3 54. Kd3 b2 0-1


[Site "https://www.chess.com"]

[Event "Titled Tuesday Blitz May 25 2021"]
[White "Van Foreest, Jorden"]
[Black "Korkmaz, Necmettin"]
[WhiteFideId "1039784"]
[BlackFideId "6303285"]
[WhiteElo "2622"]
[BlackElo "2094"]
[Result "1-0"]
[Round "01"]
[TimeControl "180+1"]
[Date "2021.05.25"]
[WhiteClock "0:01:14"]
[BlackClock "0:00:19"]

1. b3 d5 2. Bb2 Nf6 3. e3 c5 4. Nf3 Nc6 5. Bb5 Bd7 6. d4 e6 7. O-O cxd4 8. Nxd4 Rc8 9. c4 dxc4 10. Bxc4 Be7 11. Nd2 Nxd4 12. Bxd4 a6 13. Nf3 O-O 14. Ne5 Bb5 15. Bxb5 axb5 16. Qe2 Qa5 17. Ng4 b4 18. Nxf6+ Bxf6 19. Bxf6 gxf6 20. Rad1 Rc5 21. Rd4 Rfc8 22. g3 f5 23. Rfd1 Rc1 24. Rxc1 Rxc1+ 25. Kg2 Qc7 26. Qh5 Qe7 27. Rh4 f6 28. Qe2 Qc5 29. Qd2 Qc6+ 30. Kh3 Rc2 31. Qd8+ Kg7 32. Qe7+ Kg8 33. Rxh7 1-0


[Site "https://www.chess.com"]

[Event "Titled Tuesday Blitz May 25 2021"]
[White "Vega Gutierrez, Sabrina"]
[Black "Bryakin, Mikhail"]
[WhiteFideId "2219026"]
[BlackFideId "4165314"]
[WhiteElo "2281"]
[BlackElo "2397"]
[Result "1-0"]
[Round "01"]
[TimeControl "180+1"]
[Date "2021.05.25"]
[WhiteClock "0:00:26"]
[BlackClock "0:00:06"]

1. e4 d6 2. d4 Nf6 3. Nc3 e5 4. Nf3 Nc6 5. Bb5 exd4 6. Nxd4 Bd7 7. Bxc6 Bxc6 8. Nxc6 bxc6 9. Bg5 Be7 10. Qd2 O-O 11. O-O-O h6 12. Bf4 Nd7 13. f3 Rb8 14. h4 Bf6 15. g4 Bxh4 16. Kb1 Bg5 17. Bxg5 Qxg5 18. f4 Qa5 19. g5 Rfe8 20. gxh6 g6 21. h7+ Kg7 22. f5 Qe5 23. Rdg1 Kh8 24. fxg6 fxg6 25. Rxg6 Re6 26. Rg8+ Rxg8 27. hxg8=Q+ Kxg8 28. Qg2+ Qg7 29. Qh3 Rg6 30. a3 Rg1+ 31. Rxg1 Qxg1+ 32. Ka2 Qg7 33. Qe3 Nb6 34. a4 Qe5 35. Qd3 a5 36. Qa6 Kf7 37. Qb7 Qc5 38. Qxc7+ Ke6 39. Qg7 Qc4+ 40. b3 Qc5 41. Kb2 Nd7 42. Ne2 Qe5+ 43. Nd4+ 1-0


[Site "https://www.chess.com"]

[Event "Titled Tuesday Blitz May 25 2021"]
[White "Visakh N R"]
[Black "Kusa, Jakub"]
[WhiteFideId "25012223"]
[BlackFideId "395595"]
[WhiteElo "2428"]
[BlackElo "2053"]
[Result "1-0"]
[Round "01"]
[TimeControl "180+1"]
[Date "2021.05.25"]
[WhiteClock "0:01:35"]
[BlackClock "0:00:53"]

1. e4 e5 2. Nf3 Nc6 3. Bb5 a6 4. Ba4 Nf6 5. O-O Nxe4 6. d4 b5 7. Bb3 d5 8. dxe5 Be6 9. c3 Bc5 10. Nbd2 O-O 11. Qe2 Bf5 12. Nxe4 Bxe4 13. Bf4 Re8 14. Rad1 Bxf3 15. Qxf3 Ne7 16. Bxd5 Nxd5 17. Rxd5 Qe7 18. Rfd1 Rad8 19. g3 h6 20. h4 Bb6 21. Kg2 Qe6 22. Rxd8 1-0


[Site "https://www.chess.com"]

[Event "Titled Tuesday Blitz May 25 2021"]
[White "Vivas Zamora, Fabian Ernesto"]
[Black "Khanin, Semen"]
[WhiteFideId "3902480"]
[BlackFideId "4111990"]
[WhiteElo "1966"]
[BlackElo "2521"]
[Result "0-1"]
[Round "01"]
[TimeControl "180+1"]
[Date "2021.05.25"]
[WhiteClock "0:00:18"]
[BlackClock "0:02:00"]

1. c4 c5 2. Nf3 Nc6 3. d4 cxd4 4. Nxd4 g6 5. Nc2 Bg7 6. e4 d6 7. Be2 Nh6 8. O-O O-O 9. Nc3 f5 10. exf5 Nxf5 11. Ne3 Nfd4 12. Bg4 Bxg4 13. Qxg4 Qc8 14. Qe4 Qe6 15. Qxe6+ Nxe6 16. Ned5 Nc5 17. Bg5 Rf7 18. Rae1 e6 19. b4 exd5 20. bxc5 Bxc3 21. cxd5 Bxe1 22. dxc6 Bb4 23. cxb7 Rxb7 24. c6 Rc7 0-1


[Site "https://www.chess.com"]

[Event "Titled Tuesday Blitz May 25 2021"]
[White "Vogel, Roven"]
[Black "Popadic, Dragan"]
[WhiteFideId "12908088"]
[BlackFideId "913650"]
[WhiteElo "2516"]
[BlackElo "2207"]
[Result "1-0"]
[Round "01"]
[TimeControl "180+1"]
[Date "2021.05.25"]
[WhiteClock "0:01:45"]
[BlackClock "0:00:07"]

1. d4 Nf6 2. c4 g6 3. Nc3 Bg7 4. g3 d6 5. Bg2 O-O 6. Nf3 Nbd7 7. O-O e5 8. e4 exd4 9. Nxd4 Re8 10. h3 a6 11. Re1 Rb8 12. Bf4 Nh5 13. Be3 Ne5 14. Qe2 c5 15. Nc2 Be6 16. Na3 Qa5 17. Rad1 Rbd8 18. Nd5 Bxd5 19. exd5 Nf6 20. Bd2 Qc7 21. Bc3 Ned7 22. Qc2 Qb8 23. Qb3 b6 24. Qa4 Qc7 25. Qc6 Qxc6 26. dxc6 Ne5 27. f4 Nd3 28. Rxe8+ Nxe8 29. Rxd3 1-0


[Site "https://www.chess.com"]

[Event "Titled Tuesday Blitz May 25 2021"]
[White "Volkov, Maksim"]
[Black "Rasulov, Vugar"]
[WhiteFideId "54123070"]
[BlackFideId "13402390"]
[WhiteElo "2113"]
[BlackElo "2553"]
[Result "0-1"]
[Round "01"]
[TimeControl "180+1"]
[Date "2021.05.25"]
[WhiteClock "0:01:07"]
[BlackClock "0:01:54"]

1. d4 Nf6 2. c4 e6 3. g3 c5 4. d5 b5 5. dxe6 fxe6 6. cxb5 d5 7. Nf3 a6 8. bxa6 Nc6 9. Bg2 Be7 10. O-O O-O 11. Re1 Bxa6 12. Nc3 d4 13. Ng5 Qd7 14. Na4 Rab8 15. Bh3 Nd8 16. Bf4 Rb4 17. a3 Rxa4 18. Nxe6 Nxe6 19. Bxe6+ Qxe6 20. Qxa4 Bb7 21. Qb5 Bc6 22. Qd3 Ne4 23. e3 g5 24. f3 gxf4 25. exf4 c4 26. Qd1 d3 27. fxe4 Bc5+ 0-1


[Site "https://www.chess.com"]

[Event "Titled Tuesday Blitz May 25 2021"]
[White "Wachinger, Guenther"]
[Black "Goltsev, Dmitry"]
[WhiteFideId "4604261"]
[BlackFideId "24176710"]
[WhiteElo "2212"]
[BlackElo "2366"]
[Result "0-1"]
[Round "01"]
[TimeControl "180+1"]
[Date "2021.05.25"]
[WhiteClock "0:00:04"]
[BlackClock "0:01:11"]

1. e4 c5 2. Nf3 e6 3. d4 cxd4 4. Nxd4 a6 5. c4 Qc7 6. a3 Nf6 7. Nc3 Nc6 8. Be3 Ne5 9. Be2 Be7 10. Rc1 d6 11. O-O O-O 12. b4 Bd7 13. f4 Ng6 14. Qd2 Rfd8 15. f5 Ne5 16. Bf4 Rac8 17. Kh1 Qb6 18. fxe6 fxe6 19. Bxe5 dxe5 20. Nf3 Bc6 21. Qc2 Ng4 22. c5 Qc7 23. Nd1 Bf6 24. Bc4 Qe7 25. h3 Nh6 26. Nf2 Kh8 27. Qa2 Re8 28. Rcd1 Nf7 29. Rfe1 Ng5 30. Nxg5 Bxg5 31. Ng4 Bf4 32. Rd6 Qh4 33. Qf2 Bg3 34. Qf7 Re7 35. Rxc6 bxc6 0-1


[Site "https://www.chess.com"]

[Event "Titled Tuesday Blitz May 25 2021"]
[White "Weetik, Vjacheslav"]
[Black "Delgadillo, Adonay"]
[WhiteFideId "4153472"]
[BlackFideId "3301915"]
[WhiteElo "2469"]
[BlackElo "2103"]
[Result "1-0"]
[Round "01"]
[TimeControl "180+1"]
[Date "2021.05.25"]
[WhiteClock "0:01:34"]
[BlackClock "0:01:15"]

1. d4 Nf6 2. Bf4 c5 3. e3 g6 4. Nf3 Bg7 5. Nbd2 O-O 6. Be2 b6 7. O-O Bb7 8. h3 d6 9. a4 Nbd7 10. a5 Re8 11. Bh2 Rc8 12. c3 Rb8 13. Re1 Bc6 14. axb6 axb6 15. Bf1 Ra8 16. e4 Rxa1 17. Qxa1 Qa8 18. d5 Bb7 19. Bb5 Qxa1 20. Rxa1 Ra8 21. Rxa8+ Bxa8 22. Bc6 1-0


[Site "https://www.chess.com"]

[Event "Titled Tuesday Blitz May 25 2021"]
[White "Xiong, Jeffery"]
[Black "Niraj, Saripalli"]
[WhiteFideId "2047640"]
[BlackFideId "5045657"]
[WhiteElo "2724"]
[BlackElo "2113"]
[Result "1-0"]
[Round "01"]
[TimeControl "180+1"]
[Date "2021.05.25"]
[WhiteClock "0:01:00"]
[BlackClock "0:00:11"]

1. d4 e6 2. e4 d5 3. exd5 exd5 4. Nf3 c6 5. Bd3 Bd6 6. O-O Ne7 7. c4 dxc4 8. Bxc4 O-O 9. Nc3 h6 10. Ne5 Bxe5 11. dxe5 Na6 12. Bxa6 bxa6 13. Be3 Bf5 14. Bc5 Re8 15. Qxd8 Raxd8 16. Rad1 Nd5 17. Nxd5 Rxd5 18. Rxd5 cxd5 19. f4 Rb8 20. b3 Rc8 21. Rc1 a5 22. Kf2 Be4 23. g4 a6 24. Ke3 f5 25. exf6 gxf6 26. f5 Kf7 27. Kd4 h5 28. gxh5 Rh8 29. Bd6 Rxh5 30. Rc7+ Ke8 31. Re7+ Kd8 32. Ra7 Rxf5 33. Rxa6 Rf2 34. Rxa5 Rd2+ 35. Ke3 Rd3+ 36. Ke2 Kd7 37. Bg3 Ke6 38. Ra6+ Kf7 39. Rc6 f5 40. Rc1 Rf3 41. Rf1 Rxf1 42. Kxf1 Bb1 43. a3 Ba2 44. b4 Bc4+ 45. Kf2 d4 46. a4 d3 47. Ke3 Ke6 48. h4 Kd7 49. h5 Kc6 50. h6 Bg8 51. Kxd3 Bh7 52. Kd4 Kb6 53. Ke5 1-0


[Site "https://www.chess.com"]

[Event "Titled Tuesday Blitz May 25 2021"]
[White "Yuan, Qingyu"]
[Black "Guimaraes, Diogo Duarte"]
[WhiteFideId "8609772"]
[BlackFideId "2112450"]
[WhiteElo "2359"]
[BlackElo "2263"]
[Result "1-0"]
[Round "01"]
[TimeControl "180+1"]
[Date "2021.05.25"]
[WhiteClock "0:00:40"]
[BlackClock "0:00:04"]

1. e4 e5 2. Nf3 Nc6 3. Bc4 Nf6 4. Ng5 d5 5. exd5 Na5 6. Bb5+ Bd7 7. Qe2 Be7 8. Bxd7+ Qxd7 9. Qxe5 O-O 10. O-O Rfe8 11. Nf3 Nxd5 12. Nc3 Nxc3 13. Qxc3 Nc6 14. d4 Rad8 15. Be3 Bf6 16. Rad1 Qd5 17. Qb3 a5 18. h3 Nb4 19. c4 Qe4 20. Rd2 b6 21. Rfd1 h6 22. Qa4 Re7 23. d5 Na6 24. Qb5 Nb8 25. a3 Rde8 26. d6 cxd6 27. Rxd6 Qc2 28. R6d2 Qg6 29. Qxb6 a4 30. Qb5 Kh8 31. Qxa4 Kh7 32. Qc2 Qxc2 33. Rxc2 Nc6 34. b4 Ra8 35. b5 Na5 36. c5 Nb3 37. c6 Rxa3 38. c7 Rxc7 39. Rxc7 Na5 40. Ra7 Nc4 41. Rxa3 Nxa3 42. b6 1-0


[Site "https://www.chess.com"]